 Dungeon Crawl Stone Soup version 0.30.0-21-gd299b56b3f (webtiles) character file.

Game seed: 7254379577874376208

92556 qw the Severer (level 16, -1/103 HPs)
             Began as a Gargoyle Fighter on June 2, 2023.
             Was an Elder of Okawaru.
             Hit by a large rock thrown by a cyclops (5 damage)
             ... on level 2 of the Orcish Mines.
             The game lasted 00:12:41 (22486 turns).

qw the Severer (Gargoyle Fighter)                  Turns: 22486, Time: 00:12:41

Health: -1/103     AC: 47    Str: 27    XL:     16   Next: 6%
Magic:  21/23      EV: 15    Int: 10    God:    Okawaru [****..]
Gold:   2228       SH:  8    Dex:  9    Spells: 15/15 levels left

rFire   . . .        g - +2 war axe (spect)
rCold   . . .        c - +0 buckler
rNeg    + . .        l - +1 plate armour
rPois   inf          z - +0 helmet
rElec   +            j - +1 cloak {rPois}
rCorr   .            B - +1 pair of gloves
SInv    .            n - +2 pair of boots
Will    +....        u - amulet of faith Stlth
                     b - +5 ring of evasion
HPRegen 0.37/turn    i - +4 ring of protection
MPRegen 0.18/turn

%: faith
@: heroic, flying
A: sickness immunity, AC +12, big wings, negative energy resistance 1,
electricity resistance, torment resistance 1, petrification resistance,
iridescent scales 1, wild magic 1
a: Renounce Religion, Heroism, Finesse


You were on level 2 of the Orcish Mines.
You worshipped Okawaru.
Okawaru was greatly pleased with you.
You visited 4 branches of the dungeon, and saw 23 of its levels.
You also visited: Sewer.

You collected 2228 gold pieces.


Innate Abilities, Weirdness & Mutations

You are immune to sickness and miasma.
Your stone body is resilient. (AC +12)
You are immune to poison.
Your large and strong wings let you fly.
You resist negative energy. (rN+)
You are resistant to electric shocks. (rElec)
You are resistant to unholy torment.
You are immune to petrification.
You are partially covered in iridescent scales. (AC +2)
Your spells are a little harder to cast, but a little more powerful.


   Skills:
 + Level 12.9(17.9) Fighting
 - Level 16.0(21.0) Axes
 - Level 7.0(12.0) Throwing
 - Level 12.0(17.0) Armour
 - Level 3.0(8.0) Dodging
 - Level 13.2(18.2) Shields
 - Level 10.0 Invocations


You had 15 spell levels left.
You didn't know any spells.
Your spell library was empty.

Inventory:

Hand Weapons
 g - a +2 spectral war axe (weapon)
 D - a +0 morningstar
Missiles
 t - 6 silver javelins (quivered)
 w - 2 javelins
 F - 3 boomerangs
Armour
 c - a +0 buckler (worn)
 j - a +1 cloak of poison resistance (worn)
 l - a +1 plate armour (worn)
 n - a +2 pair of boots (worn)
 z - a +0 helmet (worn)
 B - a +1 pair of gloves (worn)
Jewellery
 b - a +5 ring of evasion (left hand)
 i - a +4 ring of protection (right hand)
 o - a ring of resist corrosion
 u - an amulet of faith (around neck)
 v - a ring of ice
 y - a ring of ice
 A - an amulet of reflection
 E - a ring of resist corrosion
Wands
 k - a wand of digging (30)
Scrolls
 s - 8 scrolls of identify
Potions
 a - 2 potions of lignification
 d - 9 potions of might
 e - 8 potions of curing
 f - 3 potions of attraction
 h - 4 potions of cancellation
 m - 2 potions of haste
 p - 2 potions of resistance
 q - 4 potions of mutation
 C - 3 potions of magic

Dungeon Overview and Level Annotations

Branches:
Dungeon (15/15)            Temple (1/1) D:7            Lair (5/5) D:9
 Shoals (0/4) Lair:2       Spider (0/4) Lair:2        Slime (0/5) Lair:4
    Orc (2/2) D:9             Elf (0/3) Orc:2        Vaults (0/5) D:13
 Depths (0/4) D:15          Sewer (visited)

Altars:
Ashenzari
Cheibriados
Dithmenos
Elyvilon
Fedhas
Gozag
Hepliaklqana
Kikubaaqudgha
Makhleb
Nemelex Xobeh
Okawaru
Qazlal
Ru
Sif Muna
Trog
Uskayaw
Vehumet
Wu Jian
Xom
Yredelemnul
Zin
The Shining One

Shops:
Orc:1 :

Annotations:
D:4 1 runed translucent door, Crazy Yiuf
D:6 3 runed translucent doors, qw's ghost, novice GrFi
D:8 2 transporters, qw's ghost, novice GrFi
Lair:1 1 runed translucent door


Message History

As you read the scroll of teleportation, it crumbles to dust.
You feel strangely unstable.
Your +2 spectral war axe disappears.
Jorgrun points at you and mumbles some strange words.
You resist with significant effort. The grasping roots constrict you.
22482 ||| DRINKING potion of heal wounds.
You feel much better.
Jorgrun hits you with a +0 heavy quarterstaff!!
The grasping roots constrict you.
The orc wizard gestures wildly while chanting.
The orc wizard flickers and vanishes!
You hear a shout!
The grasping roots release their grip on you.
You slash Jorgrun!
You kill Jorgrun!
Okawaru accepts your kill.
You hear a shout!
The orc wizard casts a spell.
The orc wizard flickers and vanishes!
You slice something!! Okawaru accepts your kill.
Reactivating autopickup.
You feel a bit more experienced. 3 orc wizards come into view.
Your surroundings suddenly seem different.
A warg, an orc wizard and a cyclops come into view.
Found 17 gold pieces.
Found a staircase to the Elven Halls.
The warg howls!
The orc wizard shouts!
The cyclops shouts!
You hear a shout! x2
A warg comes into view. x2
The orc wizard moves out of view. x3
Enter note:
Enter note:
Enter note:
Enter note:
Enter note:
Enter note:
Found 18 gold pieces.
An orc wizard comes into view. It is wielding a +0 dagger.
The cyclops throws a large rock.
The large rock hits you.
You die...

.......o.
.........
#...#....
#.C......
#........
#......$.
#.......$
h###+###@.......
..oh............
h.##+###........
#........
#........
#...>....
#........
.........
.......


You could see a cyclops, a warg and 2 orc wizards.

Vanquished Creatures
  Jorgrun (Orc:2)
  An emperor scorpion (D:15)
  A dire elephant (Lair:5)
  3 centaur warriors
  Fannar (Lair:2)
  2 boulder beetles (D:12)
  2 ogre magi
  8 hydras
  A death knight (D:15)
  A catoblepas (Lair:5)
  12 two-headed ogres
  A deep troll shaman (Lair:5)
  8 death yaks
  Sonja (Orc:2)
  10 skeletal warriors
  2 skysharks
  A wizard (D:15)
  An orc knight (Orc:1)
  An orc sorcerer (Orc:1)
  5 cyclopes
  An oklob plant (Lair:4)
  12 ugly things
  A moth of wrath (Lair:5)
  3 merfolk sirens (Lair:2)
  6 black mambas
  13 elephants (Lair:5)
  A torpor snail (Lair:3)
  2 gargoyles
  15 cane toads
  4 rime drakes
  A komodo dragon (shapeshifter) (D:15)
  4 unseen horrors
  2 efreet
  5 komodo dragons
  A kobold demonologist (D:13)
  6 trolls
  A merfolk (Lair:2)
  A polar bear (Lair:5)
  A wind drake (shapeshifter) (D:14)
  2 hornets
  24 blink frogs
  Grinder (D:6)
  A tyrant leech (Lair:5)
  14 dream sheep
  2 jumping spiders (Lair:2)
  10 slime creatures
  2 shadows
  4 wraiths
  A wyvern (shapeshifter) (D:15)
  35 yaks
  2 water elementals (D:14)
  5 wyverns
  A human (Lair:1)
  6 basilisks
  Eustachio (D:4)
  3 redbacks (Lair:2)
  2 vampire mosquitoes
  2 steam dragons (D:9)
  3 swamp worms (Lair:5)
  Duvessa (D:7)
  7 water moccasins
  19 orc warriors
  A sky beast (D:6)
  4 ogres
  A black bear (shapeshifter) (D:15)
  3 black bears
  16 centaurs
  6 boggarts (D:15)
  26 wolves
  A phantom (D:5)
  Blork the orc (D:6)
  6 bullfrogs
  A gnoll sergeant (D:13)
  5 scorpions
  3 wights (D:8)
  Dowan (D:7)
  13 killer bees
  8 howler monkeys
  2 electric eels (D:9)
  9 jellies
  9 hounds
  14 orc priests
  A gnoll bouda (D:9)
  2 sleepcaps
  Ijyb (D:4)
  18 orc wizards
  A hell rat (Sewer)
  A mummy (D:4)
  15 gnolls
  6 adders
  3 river rats (Sewer)
  A shadow imp (D:6)
  3 worms
  2 dart slugs
  69 orcs
  8 bats
  4 endoplasms
  8 giant cockroaches
  6 goblins
  11 hobgoblins
  5 quokkas
  3 ball pythons
  3 frilled lizards
  A goblin zombie (D:4)
  A kobold (D:4)
  An orc zombie (D:4)
  15 rats
610 creatures vanquished.

Vanquished Creatures (others)
  6 spectral weapons
6 creatures vanquished.

Grand Total: 616 creatures vanquished

Notes
Turn   | Place    | Note
-------+----------+-------------------------------------------
     0 | D:1      | qw the Gargoyle Fighter began the quest for the Orb.
     0 | D:1      | Reached XP level 1. HP: 14/14 MP: 1/1
     0 | D:1      | 0 ||| qw: Version: 0.2-a-102-gdf20003
     0 | D:1      | 0 ||| qw: Game counter: 812
     0 | D:1      | 0 ||| qw: Always use a shield: true
     0 | D:1      | 0 ||| qw: God list: Okawaru
     0 | D:1      | 0 ||| qw: Allow faded altars: false
     0 | D:1      | 0 ||| qw: Do Orc after D:15 true
     0 | D:1      | 0 ||| qw: Do second Lair branch before Depths: true
     0 | D:1      | 0 ||| qw: Lair rune preference: random
     0 | D:1      | 0 ||| qw: Plans: Normal, Zot:1-4, Slime:5, God:TSO, Crypt,
                  | Tomb, Pan, Hells, Abyss, Win
     0 | D:1      | 0 ||| PLANNING D:1-11
    35 | D:1      | Reached skill level 2 in Axes
   171 | D:1      | Reached XP level 2. HP: 19/19 MP: 2/2
   663 | D:1      | 663 ||| UPGRADING to +0 chain mail.
   673 | D:1      | 673 ||| DROPPING +0 scale mail.
   674 | D:1      | 674 ||| READING scroll labelled GUDWUF OLEAPSA.
   675 | D:1      | 675 ||| READING scroll labelled CIARIC SETUHY.
   676 | D:1      | 676 ||| READING scroll labelled FAADAA SEMODO.
   677 | D:1      | 677 ||| READING scroll labelled GAFYC WYT VUX.
   778 | D:1      | 778 ||| DRINKING 2 blue potions.
   779 | D:1      | 779 ||| DROPPING potion of flight.
   805 | D:2      | Found a faded altar of an unknown god.
   856 | D:2      | 856 ||| Stepping ~*~*~tactically~*~*~ (stealth).
   884 | D:2      | Reached skill level 3 in Axes
   925 | D:2      | Reached XP level 3. HP: 22/23 MP: 3/3
  1089 | D:2      | 1089 ||| DROPPING +0 club.
  1278 | D:2      | 1278 ||| Stepping ~*~*~tactically~*~*~ (stealth).
  1280 | D:2      | 1280 ||| Stepping ~*~*~tactically~*~*~ (stealth).
  1282 | D:2      | 1282 ||| Stepping ~*~*~tactically~*~*~ (stealth).
  1454 | D:2      | Reached XP level 4. HP: 28/28 MP: 4/4
  1581 | D:2      | 1581 ||| READING scroll labelled COB JAHILAXI.
  1582 | D:2      | 1582 ||| READING scroll labelled CARANG DISCHOC.
  1583 | D:2      | 1583 ||| DRINKING 2 ruby potions.
  1584 | D:2      | 1584 ||| DRINKING 3 murky grey potions.
  1585 | D:2      | 1585 ||| DROPPING 2 potions of brilliance.
  1732 | D:3      | 1732 ||| Stepping ~*~*~tactically~*~*~ (stealth).
  1981 | D:3      | Reached skill level 4 in Axes
  2077 | D:3      | Found a broken altar of Ashenzari.
  2440 | D:3      | Found a shimmering altar of Xom.
  2518 | D:3      | 2518 ||| DRINKING 2 viscous clear potions.
  2519 | D:3      | 2519 ||| DROPPING potion of magic.
  2541 | D:4      | 2541 ||| PLANNING OSSUARY
  2547 | D:4      | 2547 ||| STAIRDANCE
  2552 | D:3      | Reached XP level 5. HP: 23/32 MP: 5/5
  2589 | D:3      | 2589 ||| DROPPING +0 whip.
  2595 | D:4      | 2595 ||| STAIRDANCE
  2692 | D:4      | Noticed an ogre
  2698 | D:4      | HP: 6/32 [ogre/+0 giant club (7)]
  2700 | D:4      | Killed an ogre
  2701 | D:4      | Reached skill level 5 in Axes
  2704 | D:4      | Reached XP level 6. HP: 9/37 MP: 6/6
  2797 | D:4      | 2797 ||| FLEEEEING.
  2798 | D:4      | 2798 ||| FLEEEEING.
  2901 | D:4      | Found a glowing golden altar of the Shining One.
  2920 | D:4      | Noticed Ijyb
  2924 | D:4      | Paralysed by Ijyb for 2 turns
  2929 | D:4      | Paralysed by Ijyb for 4 turns
  2934 | D:4      | Paralysed by Ijyb for 2 turns
  2938 | D:4      | Paralysed by Ijyb for 3 turns
  2950 | D:4      | Paralysed by Ijyb for 4 turns
  2960 | D:4      | Killed Ijyb
  3065 | D:4      | Noticed Eustachio
  3089 | D:4      | Killed Eustachio
  3090 | D:4      | Reached skill level 6 in Axes
  3090 | D:4      | Reached XP level 7. HP: 20/43 MP: 7/7
  3124 | D:4      | 3124 ||| FLEEEEING.
  3125 | D:4      | 3125 ||| FLEEEEING.
  3126 | D:4      | 3126 ||| FLEEEEING.
  3278 | D:4      | Found a runed translucent door.
  3279 | D:4      | Noticed Crazy Yiuf
  3294 | D:4      | 3294 ||| RIP OSSUARY
  3348 | D:4      | 3348 ||| PLANNING D:1-11
  3351 | D:4      | 3351 ||| Stepping ~*~*~tactically~*~*~ (stealth).
  3353 | D:4      | 3353 ||| Stepping ~*~*~tactically~*~*~ (stealth).
  3354 | D:4      | 3354 ||| Stepping ~*~*~tactically~*~*~ (stealth).
  3561 | D:4      | 3561 ||| DROPPING +1 scale mail of cold resistance.
  3562 | D:4      | 3562 ||| DROPPING +2 ring mail of willpower.
  3563 | D:4      | 3563 ||| UPGRADING to +0 plate armour.
  3573 | D:4      | 3573 ||| DROPPING +0 chain mail.
  3574 | D:4      | 3574 ||| UPGRADING to +0 pair of boots.
  3579 | D:4      | 3579 ||| READING 2 scrolls of enchant armour.
  3579 | D:4      | 3579 ||| ENCHANTING +0 pair of boots.
  3580 | D:4      | 3580 ||| READING scroll of enchant armour.
  3580 | D:4      | 3580 ||| ENCHANTING +1 pair of boots.
  3581 | D:4      | 3581 ||| READING scroll labelled EGEFEYRROR.
  3597 | D:5      | Entered Level 5 of the Dungeon
  3598 | D:5      | 3598 ||| PLANNING SEWER
  3654 | D:5      | Found a glowing drain.
  3655 | D:5      | 3655 ||| DROPPING ring of flight.
  3678 | Sewer    | Entered a sewer
  3729 | Sewer    | 3729 ||| Stepping ~*~*~tactically~*~*~ (water).
  3746 | Sewer    | 3746 ||| Stepping ~*~*~tactically~*~*~ (stealth).
  3903 | Sewer    | 3903 ||| DRINKING 2 fizzy pink potions.
  3959 | D:5      | 3959 ||| PLANNING D:1-11
  4180 | D:5      | Reached skill level 7 in Axes
  4271 | D:5      | Reached XP level 8. HP: 37/49 MP: 8/8
  4317 | D:5      | Found a hide-covered altar of Uskayaw.
  4361 | D:5      | Reached skill level 1 in Dodging
  4499 | D:5      | Found a white marble altar of Elyvilon.
  4563 | D:5      | 4563 ||| READING scroll labelled BEHUXILASE.
  4564 | D:5      | 4564 ||| READING scroll labelled CIEGANI RIWOR.
  4567 | D:5      | 4567 ||| READING scroll labelled XUTYFR UXOIQIWU.
  4568 | D:5      | 4568 ||| DRINKING 2 gluggy blue potions.
  4600 | D:6      | Noticed Blork the orc
  4601 | D:6      | 4601 ||| Stepping ~*~*~tactically~*~*~ (hiding).
  4604 | D:6      | 4604 ||| Stepping ~*~*~tactically~*~*~ (hiding).
  4607 | D:6      | 4607 ||| Stepping ~*~*~tactically~*~*~ (hiding).
  4608 | D:6      | 4608 ||| Stepping ~*~*~tactically~*~*~ (hiding).
  4617 | D:6      | Killed Blork the orc
  4647 | D:6      | 4647 ||| Stepping ~*~*~tactically~*~*~ (stealth).
  4648 | D:6      | 4648 ||| Stepping ~*~*~tactically~*~*~ (stealth).
  4674 | D:6      | 4674 ||| Stepping ~*~*~tactically~*~*~ (stealth).
  4675 | D:6      | 4675 ||| Stepping ~*~*~tactically~*~*~ (stealth).
  4677 | D:6      | Reached skill level 8 in Axes
  4684 | D:6      | 4684 ||| Stepping ~*~*~tactically~*~*~ (stealth).
  4793 | D:6      | 4793 ||| Stepping ~*~*~tactically~*~*~ (stealth).
  4894 | D:6      | 4894 ||| Stepping ~*~*~tactically~*~*~ (stealth).
  4906 | D:6      | Reached skill level 6 in Fighting
  4973 | D:6      | Found a runed translucent gate.
  4974 | D:6      | Found a runed translucent gate.
  4975 | D:6      | Found a runed translucent gate.
  4998 | D:6      | Noticed qw's ghost (novice GrFi)
  5055 | D:6      | 5055 ||| Stepping ~*~*~tactically~*~*~ (stealth).
  5202 | D:6      | 5202 ||| DROPPING +0 flail.
  5204 | D:6      | Noticed Grinder
  5204 | D:6      | Paralysed by Grinder for 4 turns
  5217 | D:6      | Killed Grinder
  5218 | D:6      | Reached XP level 9. HP: 53/55 MP: 9/9
  5229 | D:6      | 5229 ||| READING scroll of enchant armour.
  5229 | D:6      | 5229 ||| ENCHANTING +0 plate armour.
  5264 | D:6      | Reached skill level 9 in Axes
  5428 | D:6      | 5428 ||| DROPPING +2 pair of boots.
  5429 | D:6      | 5429 ||| UPGRADING to amulet of regeneration.
  5434 | D:6      | 5434 ||| READING scroll labelled VED UQOKHLEDUASA.
  5435 | D:6      | 5435 ||| DRINKING 2 murky white potions.
  5436 | D:6      | 5436 ||| DRINKING 2 fuming green potions.
  5437 | D:6      | 5437 ||| READING 2 scrolls of identify.
  5437 | D:6      | 5437 ||| IDENTIFYING fizzy clear potion
  5438 | D:6      | 5438 ||| DRINKING potion of experience.
  5438 | D:6      | Reached XP level 10. HP: 60/60 MP: 10/10
  5511 | D:7      | Noticed Duvessa
  5513 | D:7      | Noticed Dowan
  5525 | D:7      | Killed Dowan
  5531 | D:7      | HP: 15/61 [Duvessa/+4 short sword of protection (4)]
  5532 | D:7      | HP: 3/61 [Duvessa/+4 short sword of protection (10)]
  5533 | D:7      | HP: 1/61 [gnoll/+0 spear (3)]
  5534 | D:7      | Killed Duvessa
  5608 | D:7      | 5608 ||| Stepping ~*~*~tactically~*~*~ (stealth).
  5660 | D:7      | Found a staircase to the Ecumenical Temple.
  5661 | D:7      | 5661 ||| PLANNING TEMPLE
  5662 | D:7      | 5662 ||| Stepping ~*~*~tactically~*~*~ (stealth).
  5671 | D:7      | 5671 ||| UPGRADING to +1 cloak of poison resistance.
  5682 | D:7      | 5682 ||| READING scroll labelled WETOMOTRIN.
  5683 | D:7      | 5683 ||| READING scroll labelled TUB JA FOG.
  5683 | D:7      | Identified a scroll of acquirement
  5683 | D:7      | 5683 ||| ACQUIRING +5 ring of evasion
  5683 | D:7      | Acquired a +5 ring of evasion
  5692 | Temple   | Entered the Ecumenical Temple
  5693 | Temple   | 5693 ||| PLANNING OKAWARU WORSHIP
  5818 | Temple   | Became a worshipper of Warmaster Okawaru
  5818 | Temple   | 5818 ||| PLANNING D:1-11
  5935 | D:7      | Reached skill level 6 in Armour
  6104 | D:7      | 6104 ||| UPGRADING to amulet of faith.
  6114 | D:7      | 6114 ||| UPGRADING to +5 ring of evasion.
  6115 | D:7      | 6115 ||| UPGRADING to ring of resist corrosion.
  6128 | D:8      | Found a hazy altar of Hepliaklqana.
  6140 | D:8      | 6140 ||| Stepping ~*~*~tactically~*~*~ (hiding).
  6141 | D:8      | 6141 ||| Stepping ~*~*~tactically~*~*~ (hiding).
  6142 | D:8      | 6142 ||| Stepping ~*~*~tactically~*~*~ (hiding).
  6306 | D:8      | 6306 ||| Stepping ~*~*~tactically~*~*~ (stealth).
  6319 | D:8      | 6319 ||| DROPPING +0 flail of venom.
  6354 | D:8      | 6354 ||| Stepping ~*~*~tactically~*~*~ (hiding).
  6362 | D:8      | 6362 ||| Stepping ~*~*~tactically~*~*~ (stealth).
  6363 | D:8      | 6363 ||| Stepping ~*~*~tactically~*~*~ (stealth).
  6364 | D:8      | 6364 ||| Stepping ~*~*~tactically~*~*~ (stealth).
  6369 | D:8      | Reached * piety under Okawaru
  6494 | D:8      | 6494 ||| INVOKING Heroism.
  6495 | D:8      | 6495 ||| INVOKING Heroism.
  6551 | D:8      | 6551 ||| INVOKING Heroism.
  6637 | D:8      | Found a transporter.
  6638 | D:8      | Identified the +9 great mace "Vayg" {freeze, rN++ Str+2}
  6638 | D:8      | Noticed qw's ghost (novice GrFi)
  6662 | D:8      | 6662 ||| Stepping ~*~*~tactically~*~*~ (stealth).
  6674 | D:8      | Reached skill level 1 in Invocations
  6742 | D:8      | Found a transporter.
  7011 | D:8      | 7011 ||| DROPPING +6 ring of intelligence.
  7012 | D:8      | 7012 ||| DRINKING 3 bubbling cyan potions.
  7012 | D:8      | Gained mutation: You are partially covered in iridescent
                  | scales. (AC +2) [potion of mutation]
  7012 | D:8      | Gained mutation: Your spells are a little harder to cast,
                  | but a little more powerful. [potion of mutation]
  7013 | D:8      | 7013 ||| READING 2 scrolls of identify.
  7013 | D:8      | 7013 ||| IDENTIFYING smoky pink potion
  7014 | D:8      | 7014 ||| DROPPING potion of berserk rage.
  7049 | D:9      | 7049 ||| INVOKING Heroism.
  7109 | D:9      | 7109 ||| INVOKING Heroism.
  7120 | D:9      | Reached skill level 1 in Throwing
  7125 | D:9      | 7125 ||| INVOKING Heroism.
  7126 | D:9      | Found a staircase to the Lair.
  7130 | D:9      | Reached skill level 3 in Invocations
  7130 | D:9      | Reached XP level 11. HP: 38/67 MP: 9/13
  7134 | D:9      | 7134 ||| Stepping ~*~*~tactically~*~*~ (water).
  7137 | D:9      | 7137 ||| Stepping ~*~*~tactically~*~*~ (water).
  7139 | D:9      | Reached ** piety under Okawaru
  7141 | D:9      | 7141 ||| INVOKING Heroism.
  7142 | D:9      | 7142 ||| Stepping ~*~*~tactically~*~*~ (water).
  7144 | D:9      | 7144 ||| FLEEEEING.
  7145 | D:9      | 7145 ||| FLEEEEING.
  7146 | D:9      | 7146 ||| FLEEEEING.
  7147 | D:9      | 7147 ||| FLEEEEING.
  7148 | D:9      | 7148 ||| FLEEEEING.
  7149 | D:9      | 7149 ||| FLEEEEING.
  7324 | D:9      | 7324 ||| INVOKING Heroism.
  7382 | D:9      | 7382 ||| Stepping ~*~*~tactically~*~*~ (hiding).
  7385 | D:9      | 7385 ||| INVOKING Heroism.
  7397 | D:9      | Reached skill level 10 in Axes
  7672 | D:9      | Found an ornate altar of the Wu Jian Council.
  7711 | D:9      | 7711 ||| Stepping ~*~*~tactically~*~*~ (stealth).
  7712 | D:9      | 7712 ||| Stepping ~*~*~tactically~*~*~ (stealth).
  7756 | D:9      | 7756 ||| Stepping ~*~*~tactically~*~*~ (hiding).
  7759 | D:9      | 7759 ||| Stepping ~*~*~tactically~*~*~ (hiding).
  7761 | D:9      | 7761 ||| INVOKING Heroism.
  7765 | D:9      | 7765 ||| Stepping ~*~*~tactically~*~*~ (cloud).
  7813 | D:9      | 7813 ||| Stepping ~*~*~tactically~*~*~ (stealth).
  7816 | D:9      | 7816 ||| Stepping ~*~*~tactically~*~*~ (stealth).
  7834 | D:9      | 7834 ||| INVOKING Heroism.
  7878 | D:9      | Found a staircase to the Orcish Mines.
  7901 | D:9      | 7901 ||| Stepping ~*~*~tactically~*~*~ (stealth).
  7903 | D:9      | 7903 ||| FLEEEEING.
  7904 | D:9      | 7904 ||| FLEEEEING.
  7905 | D:9      | 7905 ||| FLEEEEING.
  7906 | D:9      | 7906 ||| FLEEEEING.
  7907 | D:9      | 7907 ||| FLEEEEING.
  7908 | D:9      | 7908 ||| FLEEEEING.
  7918 | D:9      | 7918 ||| FLEEEEING.
  7919 | D:9      | 7919 ||| FLEEEEING.
  7920 | D:9      | 7920 ||| FLEEEEING.
  7922 | D:9      | 7922 ||| FLEEEEING.
  7954 | D:9      | 7954 ||| Stepping ~*~*~tactically~*~*~ (stealth).
  7956 | D:9      | 7956 ||| Stepping ~*~*~tactically~*~*~ (stealth).
  7957 | D:9      | 7957 ||| Stepping ~*~*~tactically~*~*~ (stealth).
  7958 | D:9      | 7958 ||| Stepping ~*~*~tactically~*~*~ (stealth).
  7973 | D:9      | 7973 ||| INVOKING Heroism.
  8006 | D:9      | 8006 ||| Stepping ~*~*~tactically~*~*~ (stealth).
  8040 | D:9      | 8040 ||| Stepping ~*~*~tactically~*~*~ (stealth).
  8084 | D:9      | 8084 ||| PLANNING LAIR
  8084 | D:9      | 8084 ||| DRINKING 2 red potions.
  8085 | D:9      | 8085 ||| DRINKING 4 potions of curing.
  8085 | D:9      | 8085 ||| (to cure confusion)
  8086 | D:9      | 8086 ||| DROPPING potion of ambrosia.
  8102 | Lair:1   | Entered Level 1 of the Lair of Beasts
  8175 | Lair:1   | 8175 ||| INVOKING Heroism.
  8279 | Lair:1   | 8279 ||| INVOKING Heroism.
  8388 | Lair:1   | 8388 ||| Stepping ~*~*~tactically~*~*~ (stealth).
  8390 | Lair:1   | 8390 ||| INVOKING Heroism.
  8767 | Lair:1   | Found a runed translucent door.
  8768 | Lair:1   | Noticed a vampire mage
  8886 | Lair:1   | 8886 ||| READING 4 scrolls of identify.
  8886 | Lair:1   | 8886 ||| IDENTIFYING cyan potion
  8887 | Lair:1   | 8887 ||| READING 3 scrolls of identify.
  8887 | Lair:1   | 8887 ||| IDENTIFYING dark potion
  8897 | Lair:2   | 8897 ||| STAIRDANCE
  8972 | Lair:2   | 8972 ||| INVOKING Heroism.
  9006 | Lair:2   | 9006 ||| INVOKING Heroism.
  9064 | Lair:2   | 9064 ||| Stepping ~*~*~tactically~*~*~ (hiding).
  9065 | Lair:2   | 9065 ||| Stepping ~*~*~tactically~*~*~ (hiding).
  9224 | Lair:2   | 9224 ||| INVOKING Heroism.
  9228 | Lair:2   | Reached skill level 11 in Axes
  9372 | Lair:2   | Reached *** piety under Okawaru
  9430 | Lair:2   | Reached skill level 9 in Fighting
  9485 | Lair:2   | Found a hole to the Spider Nest.
  9519 | Lair:2   | Reached XP level 12. HP: 74/76 MP: 15/15
  9568 | Lair:2   | Noticed Fannar
  9569 | Lair:2   | 9569 ||| INVOKING Heroism.
  9586 | Lair:2   | Killed Fannar
  9769 | Lair:2   | Found a staircase to the Shoals.
  9775 | Lair:2   | Reached **** piety under Okawaru
  9776 | Lair:2   | 9776 ||| FLEEEEING.
  9789 | Lair:2   | 9789 ||| INVOKING Heroism.
  9901 | Lair:2   | Noticed a skyshark
  9902 | Lair:2   | 9902 ||| Stepping ~*~*~tactically~*~*~ (stealth).
  9905 | Lair:2   | 9905 ||| INVOKING Heroism.
  9909 | Lair:2   | Reached skill level 12 in Axes
  9915 | Lair:2   | Killed a skyshark
 10366 | Lair:2   | 10366 ||| READING scroll labelled ROKERIM IS RUE.
 10367 | Lair:2   | 10367 ||| READING 3 scrolls of identify.
 10367 | Lair:2   | 10367 ||| IDENTIFYING sapphire potion
 10368 | Lair:2   | 10368 ||| DROPPING potion of degeneration.
 10606 | Lair:3   | Reached skill level 6 in Invocations
 10646 | Lair:3   | 10646 ||| Stepping ~*~*~tactically~*~*~ (stealth).
 10648 | Lair:3   | 10648 ||| Stepping ~*~*~tactically~*~*~ (stealth).
 10656 | Lair:3   | Reached ***** piety under Okawaru
 10833 | Lair:3   | 10833 ||| Stepping ~*~*~tactically~*~*~ (stealth).
 10835 | Lair:3   | 10835 ||| INVOKING Heroism.
 10838 | Lair:3   | Received a gift from Okawaru
 10844 | Lair:3   | Reached skill level 9 in Armour
 10879 | Lair:3   | 10879 ||| INVOKING Heroism.
 10951 | Lair:3   | Noticed a six-headed hydra
 10952 | Lair:3   | 10952 ||| INVOKING Heroism.
 10957 | Lair:3   | 10957 ||| SWAPPING to +5 flail of freezing.
 10962 | Lair:3   | Killed a six-headed hydra
 10963 | Lair:3   | 10963 ||| SWAPPING to +1 spectral war axe.
 11203 | Lair:3   | 11203 ||| Stepping ~*~*~tactically~*~*~ (stealth).
 11206 | Lair:3   | 11206 ||| Stepping ~*~*~tactically~*~*~ (stealth).
 11219 | Lair:3   | 11219 ||| FLEEEEING.
 11220 | Lair:3   | 11220 ||| FLEEEEING.
 11221 | Lair:3   | 11221 ||| FLEEEEING.
 11222 | Lair:3   | 11222 ||| FLEEEEING.
 11223 | Lair:3   | 11223 ||| FLEEEEING.
 11224 | Lair:3   | 11224 ||| FLEEEEING.
 11225 | Lair:3   | 11225 ||| FLEEEEING.
 11226 | Lair:3   | 11226 ||| FLEEEEING.
 11227 | Lair:3   | 11227 ||| FLEEEEING.
 11228 | Lair:3   | 11228 ||| FLEEEEING.
 11229 | Lair:3   | 11229 ||| FLEEEEING.
 11230 | Lair:3   | 11230 ||| FLEEEEING.
 11231 | Lair:3   | 11231 ||| FLEEEEING.
 11232 | Lair:3   | 11232 ||| FLEEEEING.
 11233 | Lair:3   | 11233 ||| FLEEEEING.
 11234 | Lair:3   | 11234 ||| FLEEEEING.
 11235 | Lair:3   | 11235 ||| FLEEEEING.
 11236 | Lair:3   | 11236 ||| FLEEEEING.
 11237 | Lair:3   | 11237 ||| FLEEEEING.
 11238 | Lair:3   | 11238 ||| FLEEEEING.
 11239 | Lair:3   | 11239 ||| FLEEEEING.
 11240 | Lair:3   | 11240 ||| FLEEEEING.
 11241 | Lair:3   | 11241 ||| FLEEEEING.
 11242 | Lair:3   | 11242 ||| FLEEEEING.
 11243 | Lair:3   | 11243 ||| FLEEEEING.
 11244 | Lair:3   | 11244 ||| FLEEEEING.
 11245 | Lair:3   | 11245 ||| FLEEEEING.
 11246 | Lair:3   | 11246 ||| FLEEEEING.
 11247 | Lair:3   | 11247 ||| STAIRDANCE
 11269 | Lair:2   | 11269 ||| DROPPING scarf of invisibility.
 11274 | Lair:3   | 11274 ||| STAIRDANCE
 11277 | Lair:2   | Received a gift from Okawaru
 11338 | Lair:3   | Noticed a seven-headed hydra
 11339 | Lair:3   | 11339 ||| INVOKING Heroism.
 11344 | Lair:3   | 11344 ||| SWAPPING to +5 flail of freezing.
 11350 | Lair:3   | Killed a seven-headed hydra
 11351 | Lair:3   | 11351 ||| SWAPPING to +1 spectral war axe.
 11405 | Lair:3   | 11405 ||| Stepping ~*~*~tactically~*~*~ (hiding).
 11406 | Lair:3   | 11406 ||| Stepping ~*~*~tactically~*~*~ (hiding).
 11602 | Lair:3   | 11602 ||| Stepping ~*~*~tactically~*~*~ (stealth).
 11613 | Lair:3   | Reached XP level 13. HP: 77/82 MP: 18/18
 12002 | Lair:4   | 12002 ||| INVOKING Heroism.
 12003 | Lair:4   | 12003 ||| Stepping ~*~*~tactically~*~*~ (stealth).
 12056 | Lair:4   | 12056 ||| STAIRDANCE
 12194 | Lair:4   | 12194 ||| INVOKING Heroism.
 12208 | Lair:4   | 12208 ||| INVOKING Finesse.
 12218 | Lair:4   | Reached skill level 9 in Invocations
 12299 | Lair:4   | 12299 ||| INVOKING Heroism.
 12396 | Lair:4   | 12396 ||| READING scroll labelled FAIPEI MEAX BEI.
 12411 | Lair:4   | 12411 ||| Stepping ~*~*~tactically~*~*~ (hiding).
 12553 | Lair:4   | 12553 ||| Stepping ~*~*~tactically~*~*~ (stealth).
 12578 | Lair:4   | 12578 ||| Stepping ~*~*~tactically~*~*~ (stealth).
 12601 | Lair:4   | 12601 ||| Stepping ~*~*~tactically~*~*~ (stealth).
 12603 | Lair:4   | 12603 ||| Stepping ~*~*~tactically~*~*~ (stealth).
 12613 | Lair:4   | Received a gift from Okawaru
 12650 | Lair:4   | 12650 ||| Stepping ~*~*~tactically~*~*~ (stealth).
 12651 | Lair:4   | 12651 ||| Stepping ~*~*~tactically~*~*~ (stealth).
 12652 | Lair:4   | 12652 ||| INVOKING Heroism.
 12653 | Lair:4   | 12653 ||| INVOKING Finesse.
 12667 | Lair:4   | 12667 ||| SWAPPING to +5 flail of freezing.
 12679 | Lair:4   | 12679 ||| SWAPPING to +1 spectral war axe.
 12681 | Lair:4   | 12681 ||| INVOKING Heroism.
 12683 | Lair:4   | Reached skill level 13 in Axes
 12719 | Lair:4   | 12719 ||| Stepping ~*~*~tactically~*~*~ (stealth).
 12724 | Lair:4   | Found a staircase to the Slime Pits.
 12728 | Lair:4   | 12728 ||| Stepping ~*~*~tactically~*~*~ (stealth).
 12730 | Lair:4   | 12730 ||| Stepping ~*~*~tactically~*~*~ (stealth).
 12732 | Lair:4   | 12732 ||| Stepping ~*~*~tactically~*~*~ (stealth).
 12734 | Lair:4   | 12734 ||| Stepping ~*~*~tactically~*~*~ (stealth).
 12819 | Lair:4   | 12819 ||| Stepping ~*~*~tactically~*~*~ (stealth).
 12908 | Lair:4   | 12908 ||| INVOKING Heroism.
 12909 | Lair:4   | 12909 ||| INVOKING Finesse.
 13190 | Lair:5   | Entered Level 5 of the Lair of Beasts
 13191 | Lair:5   | 13191 ||| INVOKING Heroism.
 13212 | Lair:5   | 13212 ||| Stepping ~*~*~tactically~*~*~ (stealth).
 13247 | Lair:5   | Identified the +0 chain mail of Quantum Leap {rPois}
                  | (Okawaru gifted it to you on level 5 of the Lair of Beasts)
 13247 | Lair:5   | Received a gift from Okawaru
 13289 | Lair:5   | 13289 ||| INVOKING Heroism.
 13290 | Lair:5   | 13290 ||| Stepping ~*~*~tactically~*~*~ (stealth).
 13291 | Lair:5   | 13291 ||| INVOKING Finesse.
 13294 | Lair:5   | 13294 ||| SWAPPING to +5 flail of freezing.
 13299 | Lair:5   | 13299 ||| SWAPPING to +1 spectral war axe.
 13348 | Lair:5   | Reached skill level 14 in Axes
 13364 | Lair:5   | Gained mutation: Your large and strong wings let you fly.
                  | [Gargoyle growth]
 13364 | Lair:5   | Reached XP level 14. HP: 81/88 MP: 21/21
 13399 | Lair:5   | 13399 ||| Stepping ~*~*~tactically~*~*~ (stealth).
 13400 | Lair:5   | 13400 ||| Stepping ~*~*~tactically~*~*~ (stealth).
 13484 | Lair:5   | 13484 ||| INVOKING Heroism.
 13485 | Lair:5   | 13485 ||| INVOKING Finesse.
 13489 | Lair:5   | 13489 ||| SWAPPING to +5 flail of freezing.
 13498 | Lair:5   | 13498 ||| SWAPPING to +1 spectral war axe.
 13580 | Lair:5   | 13580 ||| Stepping ~*~*~tactically~*~*~ (stealth).
 13582 | Lair:5   | 13582 ||| Stepping ~*~*~tactically~*~*~ (stealth).
 13616 | Lair:5   | 13616 ||| Stepping ~*~*~tactically~*~*~ (stealth).
 13617 | Lair:5   | 13617 ||| Stepping ~*~*~tactically~*~*~ (stealth).
 13687 | Lair:5   | 13687 ||| Stepping ~*~*~tactically~*~*~ (hiding).
 13688 | Lair:5   | 13688 ||| Stepping ~*~*~tactically~*~*~ (stealth).
 13689 | Lair:5   | 13689 ||| Stepping ~*~*~tactically~*~*~ (stealth).
 13691 | Lair:5   | 13691 ||| INVOKING Heroism.
 13692 | Lair:5   | 13692 ||| Stepping ~*~*~tactically~*~*~ (stealth).
 13716 | Lair:5   | 13716 ||| INVOKING Finesse.
 13850 | Lair:5   | 13850 ||| INVOKING Heroism.
 13866 | Lair:5   | Noticed a dire elephant
 13867 | Lair:5   | 13867 ||| Stepping ~*~*~tactically~*~*~ (stealth).
 13884 | Lair:5   | 13884 ||| Stepping ~*~*~tactically~*~*~ (stealth).
 13938 | Lair:5   | 13938 ||| Stepping ~*~*~tactically~*~*~ (stealth).
 13957 | Lair:5   | 13957 ||| Stepping ~*~*~tactically~*~*~ (stealth).
 13960 | Lair:5   | 13960 ||| INVOKING Heroism.
 13970 | Lair:5   | Killed a dire elephant
 14293 | Lair:5   | 14293 ||| Stepping ~*~*~tactically~*~*~ (stealth).
 14294 | Lair:5   | 14294 ||| Stepping ~*~*~tactically~*~*~ (stealth).
 14416 | Lair:5   | 14416 ||| INVOKING Heroism.
 14423 | Lair:5   | 14423 ||| SWAPPING to +5 flail of freezing.
 14430 | Lair:5   | 14430 ||| SWAPPING to +1 spectral war axe.
 14581 | Lair:5   | 14581 ||| DROPPING +5 flail of freezing.
 14663 | Lair:5   | 14663 ||| INVOKING Heroism.
 14886 | Lair:5   | 14886 ||| Stepping ~*~*~tactically~*~*~ (stealth).
 14887 | Lair:5   | 14887 ||| Stepping ~*~*~tactically~*~*~ (stealth).
 14960 | Lair:5   | Reached skill level 15 in Axes
 14962 | Lair:5   | 14962 ||| Stepping ~*~*~tactically~*~*~ (stealth).
 14990 | Lair:5   | 14990 ||| Stepping ~*~*~tactically~*~*~ (stealth).
 14991 | Lair:5   | 14991 ||| Stepping ~*~*~tactically~*~*~ (stealth).
 15019 | Lair:5   | 15019 ||| Stepping ~*~*~tactically~*~*~ (hiding).
 15021 | Lair:5   | 15021 ||| Stepping ~*~*~tactically~*~*~ (hiding).
 15023 | Lair:5   | 15023 ||| Stepping ~*~*~tactically~*~*~ (hiding).
 15027 | Lair:5   | 15027 ||| INVOKING Heroism.
 15082 | Lair:5   | 15082 ||| INVOKING Heroism.
 15100 | Lair:5   | 15100 ||| PLANNING D:1-11
 15100 | Lair:5   | 15100 ||| DROPPING +0 chain mail of Quantum Leap {rPois}.
 15101 | Lair:5   | 15101 ||| UPGRADING to +0 helmet.
 15106 | Lair:5   | 15106 ||| UPGRADING to +0 pair of gloves.
 15111 | Lair:5   | 15111 ||| DROPPING amulet of guardian spirit.
 15255 | D:10     | Entered Level 10 of the Dungeon
 15505 | D:10     | 15505 ||| Stepping ~*~*~tactically~*~*~ (hiding).
 15506 | D:10     | 15506 ||| Stepping ~*~*~tactically~*~*~ (hiding).
 15735 | D:10     | Found a flagged portal.
 15883 | D:10     | 15883 ||| Stepping ~*~*~tactically~*~*~ (hiding).
 15884 | D:10     | 15884 ||| Stepping ~*~*~tactically~*~*~ (hiding).
 15962 | D:10     | Found a shimmering blue altar of Sif Muna.
 16272 | D:11     | 16272 ||| STAIRDANCE
 16308 | D:11     | 16308 ||| STAIRDANCE
 16940 | D:11     | 16940 ||| PLANNING D
 17005 | D:12     | 17005 ||| INVOKING Heroism.
 17006 | D:12     | 17006 ||| INVOKING Finesse.
 17033 | D:12     | Received a gift from Okawaru
 17109 | D:12     | Reached skill level 12 in Fighting
 17212 | D:12     | 17212 ||| INVOKING Heroism.
 17213 | D:12     | 17213 ||| INVOKING Finesse.
 17318 | D:12     | Received a gift from Okawaru
 17367 | D:12     | 17367 ||| INVOKING Heroism.
 17416 | D:12     | 17416 ||| INVOKING Heroism.
 17424 | D:12     | Reached XP level 15. HP: 77/96 MP: 20/22
 17446 | D:12     | 17446 ||| Stepping ~*~*~tactically~*~*~ (stealth).
 17455 | D:12     | 17455 ||| Stepping ~*~*~tactically~*~*~ (stealth).
 17520 | D:12     | 17520 ||| Stepping ~*~*~tactically~*~*~ (stealth).
 17521 | D:12     | 17521 ||| Stepping ~*~*~tactically~*~*~ (stealth).
 17524 | D:12     | 17524 ||| Stepping ~*~*~tactically~*~*~ (stealth).
 17525 | D:12     | 17525 ||| INVOKING Heroism.
 17539 | D:12     | Reached skill level 3 in Throwing
 17546 | D:12     | 17546 ||| INVOKING Heroism.
 17717 | D:12     | 17717 ||| INVOKING Heroism.
 17721 | D:12     | 17721 ||| READING 2 scrolls of teleportation.
 17760 | D:12     | 17760 ||| Stepping ~*~*~tactically~*~*~ (stealth).
 17766 | D:12     | 17766 ||| Stepping ~*~*~tactically~*~*~ (stealth).
 17772 | D:12     | 17772 ||| Stepping ~*~*~tactically~*~*~ (stealth).
 17929 | D:12     | 17929 ||| Stepping ~*~*~tactically~*~*~ (hiding).
 18030 | D:12     | 18030 ||| Stepping randomly (disturbance).
 18128 | D:12     | 18128 ||| INVOKING Heroism.
 18239 | D:12     | 18239 ||| INVOKING Heroism.
 18528 | D:12     | 18528 ||| DROPPING amulet of regeneration.
 18557 | D:13     | 18557 ||| INVOKING Heroism.
 18563 | D:13     | Reached skill level 12 in Armour
 18618 | D:13     | 18618 ||| READING scroll of enchant weapon.
 18618 | D:13     | 18618 ||| ENCHANTING +1 spectral war axe.
 18704 | D:13     | 18704 ||| Stepping ~*~*~tactically~*~*~ (hiding).
 18706 | D:13     | 18706 ||| Stepping ~*~*~tactically~*~*~ (hiding).
 18712 | D:13     | 18712 ||| Stepping ~*~*~tactically~*~*~ (hiding).
 18764 | D:13     | 18764 ||| Stepping ~*~*~tactically~*~*~ (hiding).
 18770 | D:13     | 18770 ||| INVOKING Heroism.
 18848 | D:13     | Found a gate to the Vaults.
 19047 | D:13     | 19047 ||| Stepping ~*~*~tactically~*~*~ (hiding).
 19639 | D:14     | 19639 ||| Stepping ~*~*~tactically~*~*~ (stealth).
 19641 | D:14     | 19641 ||| Stepping ~*~*~tactically~*~*~ (stealth).
 19804 | D:14     | Received a gift from Okawaru
 19807 | D:14     | 19807 ||| INVOKING Heroism.
 20312 | D:14     | 20312 ||| UPGRADING to +4 ring of protection.
 20314 | D:14     | 20314 ||| DROPPING ring of positive energy.
 20315 | D:14     | 20315 ||| READING scroll labelled BEPORCH RUWO.
 20335 | D:15     | Entered Level 15 of the Dungeon
 20359 | D:15     | 20359 ||| INVOKING Heroism.
 20360 | D:15     | 20360 ||| INVOKING Finesse.
 20365 | D:15     | 20365 ||| SWAPPING to +0 morningstar.
 20371 | D:15     | 20371 ||| SWAPPING to +2 spectral war axe.
 20417 | D:15     | 20417 ||| Stepping ~*~*~tactically~*~*~ (hiding).
 20418 | D:15     | 20418 ||| Stepping ~*~*~tactically~*~*~ (hiding).
 20420 | D:15     | 20420 ||| Stepping ~*~*~tactically~*~*~ (hiding).
 20423 | D:15     | 20423 ||| INVOKING Heroism.
 20424 | D:15     | 20424 ||| INVOKING Finesse.
 20432 | D:15     | Received a gift from Okawaru
 20435 | D:15     | 20435 ||| Stepping ~*~*~tactically~*~*~ (hiding).
 20442 | D:15     | HP: 19/96 [two-headed ogre/+0 dire flail (14)]
 20443 | D:15     | 20443 ||| READING 2 scrolls of teleportation.
 20444 | D:15     | 20444 ||| DRINKING 3 potions of heal wounds.
 20447 | D:15     | 20447 ||| DRINKING 2 potions of heal wounds.
 20457 | D:15     | 20457 ||| Stepping randomly (disturbance).
 20458 | D:15     | 20458 ||| Stepping randomly (disturbance).
 20473 | D:15     | Received a gift from Okawaru
 20474 | D:15     | Reached skill level 6 in Throwing
 20474 | D:15     | 20474 ||| INVOKING Heroism.
 20483 | D:15     | Reached skill level 16 in Axes
 20483 | D:15     | 20483 ||| Stepping ~*~*~tactically~*~*~ (hiding).
 20484 | D:15     | 20484 ||| FLEEEEING.
 20485 | D:15     | 20485 ||| Stepping ~*~*~tactically~*~*~ (hiding).
 20501 | D:15     | Noticed an emperor scorpion
 20508 | D:15     | 20508 ||| INVOKING Finesse.
 20512 | D:15     | Reached skill level 3 in Dodging
 20512 | D:15     | Killed an emperor scorpion
 20516 | D:15     | 20516 ||| SWAPPING to +0 morningstar.
 20524 | D:15     | 20524 ||| SWAPPING to +2 spectral war axe.
 20554 | D:15     | 20554 ||| INVOKING Heroism.
 20732 | D:15     | 20732 ||| READING scroll of enchant armour.
 20732 | D:15     | 20732 ||| ENCHANTING +0 pair of gloves.
 20769 | D:15     | 20769 ||| Stepping ~*~*~tactically~*~*~ (stealth).
 20771 | D:15     | 20771 ||| Stepping ~*~*~tactically~*~*~ (hiding).
 20773 | D:15     | 20773 ||| Stepping ~*~*~tactically~*~*~ (hiding).
 20776 | D:15     | 20776 ||| INVOKING Heroism.
 21005 | D:15     | 21005 ||| Stepping ~*~*~tactically~*~*~ (stealth).
 21007 | D:15     | 21007 ||| Stepping ~*~*~tactically~*~*~ (hiding).
 21122 | D:15     | Found a glowing silver altar of Zin.
 21192 | D:15     | 21192 ||| Stepping ~*~*~tactically~*~*~ (hiding).
 21290 | D:15     | Found a staircase to the Depths.
 21387 | D:15     | Found a blossoming altar of Fedhas.
 21396 | D:15     | 21396 ||| PLANNING ORC
 21563 | Orc:1    | Entered Level 1 of the Orcish Mines
 21565 | Orc:1    | 21565 ||| FLEEEEING.
 21566 | Orc:1    | 21566 ||| STAIRDANCE
 21595 | Orc:1    | 21595 ||| STAIRDANCE
 21647 | Orc:1    | 21647 ||| STAIRDANCE
 21786 | Orc:1    | Received a gift from Okawaru
 21910 | Orc:1    | 21910 ||| Stepping ~*~*~tactically~*~*~ (hiding).
 21911 | Orc:1    | 21911 ||| Stepping ~*~*~tactically~*~*~ (hiding).
 21940 | Orc:1    | 21940 ||| Stepping ~*~*~tactically~*~*~ (hiding).
 22069 | Orc:1    | 22069 ||| INVOKING Heroism.
 22170 | Orc:2    | Entered Level 2 of the Orcish Mines
 22231 | Orc:1    | Found Epagrod's Book Shoppe.
 22231 | Orc:1    | Paralysed by an orc sorcerer for 2 turns
 22233 | Orc:1    | 22233 ||| INVOKING Heroism.
 22435 | Orc:2    | Noticed Sonja
 22436 | Orc:2    | 22436 ||| INVOKING Finesse.
 22440 | Orc:2    | Reached XP level 16. HP: 103/103 MP: 17/23
 22448 | Orc:2    | Killed Sonja
 22451 | Orc:2    | 22451 ||| Stepping ~*~*~tactically~*~*~ (hiding).
 22464 | Orc:2    | Noticed Jorgrun
 22464 | Orc:2    | 22464 ||| INVOKING Heroism.
 22467 | Orc:2    | 22467 ||| Stepping ~*~*~tactically~*~*~ (hiding).
 22470 | Orc:2    | 22470 ||| Stepping ~*~*~tactically~*~*~ (hiding).
 22480 | Orc:2    | HP: 16/103 [Jorgrun/iron shot (36)]
 22481 | Orc:2    | 22481 ||| READING scroll of teleportation.
 22482 | Orc:2    | 22482 ||| DRINKING potion of heal wounds.
 22482 | Orc:2    | HP: 3/103 [Jorgrun/+0 heavy quarterstaff (33)]
 22483 | Orc:2    | Killed Jorgrun
 22485 | Orc:2    | Found a staircase to the Elven Halls.
 22486 | Orc:2    | Hit by a large rock thrown by a cyclops

Levels and vault maps discovered:
D:1:      saegor_arrival_simple_d, layout_loops_cross, minmay_tripent
D:2:      layout_basic, basic_ecumenical_altar, minmay_misc_feat_columns,
          minivault_26, st_stairs_7
D:3:      wander_river, layout_basic, marbit_many_paths, ashenzari_altar_1
D:4:      layout_rooms, nicolae_tso_carved_into_rock,
          nicolae_ossuary_entry_giza, uniq_eustachio, uniq_crazy_yiuf_cottage,
          uniq_ijyb
D:5:      layout_rooms, lemuel_doored_altar, lemuel_coloured_pillars_altar,
          cheibrodos_sewer_entry_sluice
D:6:      layout_rooms, gammafunk_ghost_necromancy, hangedman_minor_gate_pass,
          uniq_grinder, uniq_blork_the_orc
D:7:      layout_cave_pools, temple_statues, uniq_duvessa
D:8:      layout_basic, amcnicky_altar_gilded, gammafunk_ghost_smash
D:9:      layout_irregular_city, lemuel_tele_altar, erik_lair_island,
          hiddenorc1_lemuel, dreamdust_princess_bridge, hex_medium
D:10:     layout_loops_cross, lemuel_blue_sif_altar, enter_bailey_4,
          hangedman_decor_push, amcnicky_mini_pool_small
D:11:     layout_loops_ring, st_stairs_10
D:12:     layout_loops_ring
D:13:     layout_irregular_city, david_vaults_2, kennysheep_minor_cross
D:14:     layout_basic, minmay_fountain_box
D:15:     hangedman_depths_entry_try_elsewhere_first, layout_rooms,
          fedhas_altar_4, zin_treasury
Temple:   nicolae_temple_two_arcs
Lair:1:   layout_regular_city, serial_forest, infiniplex_forest_end_2,
          infiniplex_forest_clump_diagonal, infiniplex_forest_lined_corner,
          infiniplex_forest_straight_5, infiniplex_forest_clump_medium,
          infiniplex_forest_end_1, infiniplex_forest_straight_1,
          pdpol_lair_cabin_in_the_woods
Lair:2:   layout_cave_pods, elwin_shoals_entry_stream, spider_nest_entry_a,
          grunt_forest_stairs_basic, grunt_megastairs_1, lemuel_fruit_tree,
          uniq_fannar
Lair:3:   layout_cave_pods
Lair:4:   layout_hall_layers, minmay_slime_entry_pillars,
          infiniplex_staircase_pool_2
Lair:5:   grunt_lair_end_beastmaster, layout_regular_city, minivault_11,
          worms_lemuel
Orc:1:    layout_caves, serial_shops, shop, minmay_orc_barracks
Orc:2:    st_orc_town, layout_diamond_mine, uniq_erolcha, uniq_jorgrun,
          uniq_sonja

Skill      XL: |  1  2  3  4  5  6  7  8  9 10 11 12 13 14 15 |
---------------+----------------------------------------------+-----
Axes           | 2 3 4 5 6 7 8 9 11 12 14 15 16 | 16.0
Fighting       | 4 5 6 7 9 10 12 | 12.9
Armour         | 4 5 6 7 9 11 12 | 12.0
Dodging        | 1 2 3 |  3.0
Shields        | 13 | 13.2
Invocations    | 3 4 7 10 | 10.0
Throwing       | 1 7 |  7.0

Action                     |  1- 3 |  4- 6 |  7- 9 | 10-12 | 13-15 | 16-18 || total
---------------------------+-------+-------+-------+-------+-------+-------++-------
  Melee: War axe           |   105 |   170 |   200 |   463 |   966 |    28 ||  1932
         Flail             |       |       |       |    11 |    29 |       ||    40
         Morningstar       |       |       |       |       |    12 |       ||    12
  Throw: Boomerang         |       |       |       |    78 |     3 |       ||    81
         Javelin           |       |       |       |       |    45 |     1 ||    46
 Invoke: Heroism           |       |       |       |    24 |    35 |     1 ||    60
         Finesse           |       |       |       |       |    12 |       ||    12
    Use: Scroll            |     4 |     2 |     9 |     7 |     6 |     1 ||    29
         Potion            |     1 |     3 |     5 |     3 |     2 |     1 ||    15
   Stab: Distracted        |       |       |       |     3 |    23 |       ||    26
 Armour: Scale mail        |    19 |       |       |       |       |       ||    19
         Chain mail        |    44 |   159 |     7 |       |       |       ||   210
         Plate armour      |       |       |   113 |   221 |   367 |     3 ||   704
  Dodge: Dodged            |    34 |    64 |    47 |   178 |   273 |     4 ||   600
  Block: Buckler           |    21 |    28 |    31 |   136 |   195 |     4 ||   415

Table legend:
 A = Non-vault XP
 B = Vault XP
 C = Vault XP percentage of total XP
 D = Non-vault monster count
 E = Vault monster count
 F = Vault count percentage of total count
                 A         B        C        D         E       F
            +---------+---------+-------+---------+---------+-------
      Total |  102666 |   27069 |  20.9 |     469 |     141 |  23.1
            +---------+---------+-------+---------+---------+-------
        D:1 |      24 |       2 |   7.7 |      14 |       2 |  12.5
        D:2 |      58 |       2 |   3.3 |      20 |       1 |   4.8
        D:3 |      92 |       3 |   3.2 |      16 |       1 |   5.9
        D:4 |     367 |     247 |  40.2 |      14 |       5 |  26.3
        D:5 |     485 |       8 |   1.6 |      10 |       3 |  23.1
        D:6 |     402 |     776 |  65.9 |       6 |      10 |  62.5
        D:7 |    1183 |     218 |  15.6 |      17 |       2 |  10.5
        D:8 |    1441 |       0 |   0.0 |      30 |       0 |   0.0
        D:9 |    3227 |    1171 |  26.6 |      39 |      26 |  40.0
       D:10 |    4502 |      11 |   0.2 |      21 |       5 |  19.2
       D:11 |    1571 |    1298 |  45.2 |       5 |       4 |  44.4
       D:12 |   15003 |       0 |   0.0 |      30 |       0 |   0.0
       D:13 |    3776 |    2484 |  39.7 |      19 |       3 |  13.6
       D:14 |    7573 |       0 |   0.0 |      16 |       0 |   0.0
       D:15 |   12905 |    2539 |  16.4 |      28 |       4 |  12.5
     Lair:1 |    1656 |     196 |  10.6 |       5 |       1 |  16.7
     Lair:2 |    7709 |    3906 |  33.6 |      28 |      12 |  30.0
     Lair:3 |    7087 |       0 |   0.0 |      26 |       0 |   0.0
     Lair:4 |   14354 |     366 |   2.5 |      41 |       4 |   8.9
     Lair:5 |   16839 |    9786 |  36.8 |      51 |      22 |  30.1
      Orc:1 |    1252 |    1172 |  48.3 |      17 |      17 |  50.0
      Orc:2 |    1160 |    2803 |  70.7 |      16 |       7 |  30.4
      Sewer |       0 |      81 | 100.0 |       0 |      12 | 100.0
            +---------+---------+-------+---------+---------+-------
